 Dungeon Crawl Stone Soup version 0.20.2 (webtiles) character file.

97 Alfie the Shooter (level 4, -6/38 HPs)
             Began as a Minotaur Hunter on Apr 1, 2020.
             Mangled by Sigmund
             ... wielding a +0 scythe of venom
              (12 damage)
             ... on level 3 of the Dungeon.
             The game lasted 00:04:43 (1510 turns).

Alfie the Shooter (Minotaur Hunter)                 Turns: 1510, Time: 00:04:44

Health: -6/38      AC:  3    Str: 17    XL:     4   Next: 42%
Magic:  3/3        EV: 12    Int:  8    God:
Gold:   127        SH:  0    Dex: 11    Spells: 3/3 levels left

rFire    . . .     SeeInvis .   b - +0 short sword
rCold    . . .     Gourm    .   (no shield)
rNeg     . . .     Faith    .   c - +0 leather armour
rPois    .         Spirit   .   (helmet restricted)
rElec    .         Reflect  .   e - scarf {repulsion}
rCorr    .         Harm     .   (no gloves)
MR       .....                  (no boots)
Stlth    +.........             (no amulet)
Regen    0.2/turn               (no ring)
MPRegen  0.1/turn               (no ring)

@: lethally poisoned (-6 -> -21), repel missiles
A: retaliatory headbutt, horns 2
a: no special abilities


You were on level 3 of the Dungeon.
You were not hungry.

You visited 1 branch of the dungeon, and saw 3 of its levels.

You collected 127 gold pieces.

Inventory:

Hand Weapons
 a - a +1 shortbow
 b - a +0 short sword (weapon)
Missiles
 d - 11 arrows
 h - 13 tomahawks (quivered)
Armour
 c - a +0 leather armour (worn)
 e - a scarf of repulsion (worn)
Scrolls
 k - 3 scrolls of remove curse
 o - a scroll of identify
Potions
 f - a potion of degeneration {unknown}
 g - 2 potions of haste {unknown}
 j - a potion of brilliance {unknown}
 m - a potion of curing {unknown}
Comestibles
 i - 2 meat rations
 l - 2 fruits
 n - a royal jelly
 p - a bread ration


   Skills:
 + Level 3.1 Fighting
 + Level 0.7 Short Blades
 + Level 5.8 Bows
 + Level 0.4 Throwing
 + Level 0.8 Armour
 + Level 2.4 Dodging
 + Level 0.7 Stealth


You had 3 spell levels left.
You didn't know any spells.

Dungeon Overview and Level Annotations

Branches:
Dungeon (3/15)

Altars:
Fedhas
Nemelex Xobeh
Okawaru

Annotations:
D:3 Sigmund


Innate Abilities, Weirdness & Mutations

You reflexively headbutt those who attack you in melee.
You have a pair of horns on your head.


Message History

You hit something but do no damage.
You feel sick.
You closely miss something.
You feel sick. Something hits you!
You miss something.
You feel sick.
You hear some strange, mumbled words.
Something tries to affect you, but you resist.
You hit something but do no damage. Your headbutt misses something.
You feel sick.
You hear some strange, mumbled words.
Something tries to affect you, but you resist.
You barely miss something.
You hear some strange, mumbled words.
A magic dart appears from out of thin air!
The magic dart hits you!
You miss something.
You feel sick. Something hits you!
* * * LOW HITPOINT WARNING * * *
You are lethally poisoned!
You miss something.
* * * LOW HITPOINT WARNING * * *
You feel sick. Something hits you!
You die...

. ##% #.# #.. #.# #.#
#.# ♣.♣ #.#
###♣♣.♣♣### #.# #####
#.........# #.# #....
#.#♣♣.♣♣#.####.###.###
♣@♣ #........).# #{#
##.........# #..
#########.# ...# #.#
#### #.# #.# #.# #.#


There were no monsters in sight!

Vanquished Creatures
  An adder (D:2)
  3 gnolls (D:2)
  3 oozes (D:1)
  A dart slug (D:1)
  2 leopard geckos
  An orc (D:3)
  A ball python (D:1)
  A giant cockroach (D:1)
  2 goblins
  7 hobgoblins
  A quokka (D:2)
  6 bats
  3 frilled lizards
  5 kobolds
  8 rats
45 creatures vanquished.

Notes
Turn   | Place    | Note
-------+----------+-------------------------------------------
     0 | D:1      | Alfie the Minotaur Hunter began the quest for the Orb.
     0 | D:1      | Reached XP level 1. HP: 18/18 MP: 0/0
   119 | D:1      | Reached XP level 2. HP: 25/25 MP: 1/1
   145 | D:1      | Reached skill level 5 in Bows
   318 | D:1      | Reached XP level 3. HP: 24/30 MP: 2/2
   688 | D:2      | Reached XP level 4. HP: 10/37 MP: 3/3
   714 | D:2      | Found a blossoming altar of Fedhas.
   894 | D:2      | Found a sparkling altar of Nemelex Xobeh.
  1437 | D:3      | Found an iron altar of Okawaru.
  1498 | D:3      | Noticed Sigmund
  1510 | D:3      | Mangled by Sigmund

Skill      XL: |  1  2  3  4 |
---------------+-------------+-----
Bows           | 5 |  5.8
Fighting       | 3 |  3.1
Short Blades   | |  0.7
Throwing       | |  0.4
Armour         | |  0.8
Dodging        | |  2.4
Stealth        | |  0.7

Action                   |  1- 3 |  4- 6 || total
-------------------------+-------+-------++-------
Melee: Short sword       |    26 |    39 ||    65
       Headbutt          |     2 |     2 ||     4
 Fire: Shortbow          |    59 |     3 ||    62
Throw: Tomahawk          |       |     6 ||     6
  Use: Scroll            |       |     4 ||     4
 Stab: Sleeping          |       |     1 ||     1
  Eat: Bread ration      |       |     1 ||     1
Armor: Leather armour    |    14 |     6 ||    20
Dodge: Dodged            |    31 |    29 ||    60
